 Dungeon Crawl Stone Soup version 0.31-a0-986-g5e6e4ef867 (webtiles) character file.

Game seed: 12808923927342587756

4749 ytrimaz the Covert (level 10, 0/70 (74) HPs)
             Began as an Octopode Shapeshifter on Nov 3, 2023.
             Was a Follower of Ashenzari.
             Slain by a two-headed ogre
             ... wielding a +0 giant club
              (25 damage)
             ... on level 8 of the Dungeon.
             The game lasted 00:12:45 (6963 turns).

ytrimaz the Covert (Octopode Shapeshifter)          Turns: 6963, Time: 00:12:45

HP:   0/70 (74)     AC:  1    Str: 15    XL:     10   Next: 46%
MP:   10/10         EV: 13    Int: 12    God:    Ashenzari [*.....]
Gold: 285           SH:  0    Dex: 15    Spells: 9/9 levels left

rFire   . .          .
                       - Unarmed
rCold   . . .        (no shield)
rNeg    . . .        (helmet currently unavailable)
rPois   .            g - amulet "Circumscribed With Me" {Regen+, Alch, Dev} (curse)
rElec   .            t - ring "Per Aspera Ad Scientiam" {Will+, Self, Fort} (curse)
rCorr   .            d - ring of willpower
SInv    .            (no ring)
Will    ++...        (no ring)
Stlth   ++++++       (no ring)
HPRegen 1.11/turn    (no ring)
MPRegen 0.12/turn    (no ring)
                     (no ring)

%: no passive effects
@: beast-form, drained
A: beast (slay +4), almost no armour, amphibious, 8 rings, camouflage 1,
gelatinous body 1, (nimble swimmer 1), tentacles
a: Begin Untransformation, Renounce Religion, Curse Item, Shatter the Chains


You were on level 8 of the Dungeon.
You worshipped Ashenzari.
Ashenzari was aware of your devotion.
You were a hulking beast.
You visited 1 branch of the dungeon, and saw 8 of its levels.

You collected 392 gold pieces.
You spent 107 gold pieces at shops.


Innate Abilities, Weirdness & Mutations

You are a hulking beast.
Your limbs bulge with bestial killing power. (Slay +4)
You cannot wear most types of armour.
You are amphibious.
You can wear up to eight rings at the same time.
Your skin changes colour to match your surroundings (Stealth+).
Your rubbery body absorbs attacks. (AC +1, EV +1)
((You are camouflaged when in or above water. (Stealth+)))
You have tentacles for arms and can constrict up to eight enemies at once.


   Skills:
 + Level 8.6(9.4) Fighting
 - Level 2.0 Dodging
 - Level 12.0 Stealth
 + Level 4.6 Unarmed Combat
 + Level 8.2(9.1) Shapeshifting


You had 9 spell levels left.
You didn't know any spells.
Your spell library contained the following spells:

 Spells                   Type           Power      Damage    Failure   Level
 Summon Small Mammal      Summ           0%         N/A       32%         1
 Call Canine Familiar     Summ           0%         N/A       69%         3
 Summon Guardian Golem    Hex/Summ       0%         N/A       69%         3
 Vhi's Electric Charge    Tloc/Air       0%         N/A       97%         4
 Arcjolt                  Conj/Air       0%         1d10      100%        5
 Summon Forest            Summ/Tloc      0%         N/A       100%        5
 Eringya's Noxious Bog    Tmut/Pois      0%         4d6       100%        6
 Plasma Beam              Fire/Air       0%         2x1d10    100%        6
 Summon Hydra             Summ           0%         N/A       100%        7

Inventory:

Missiles
 y - a throwing net
Jewellery
 d - a ring of willpower (right tentacle)
   (You found it on level 7 of the Dungeon)
 e - an amulet of reflection
   (You found it on level 8 of the Dungeon)
 g - the cursed amulet "Circumscribed With Me" (around mantle) {Regen+, Alch, Dev}
   (You found it on level 1 of the Dungeon)

   [amulet of regeneration]

   Regen+:    It increases your rate of health regeneration.
   It has a curse which improves the following skills: Alchemy: Poison Magic and
   Transmutations.
   Devices:   Evocations and Shapeshifting.
 k - the ring of Ajih Urgh {*Slow rElec rPois rCorr MP-9}
   (You took it off a wight on level 8 of the Dungeon)

   [ring of resist corrosion]

   rElec:     It insulates you from electricity.
   rPois:     It protects you from poison MP-9: It affects your magic capacity
   (-9).
   rCorr:     It protects you from acid and corrosion.
   *Slow:     It may slow you when you take damage.
 t - the cursed ring "Per Aspera Ad Scientiam" (left tentacle) {Will+, Self, Fort}
   (You found it on level 2 of the Dungeon)

   [ring of willpower]

   Will+:     It increases your willpower.
   It has a curse which improves the following skills: Introspection: Fighting
   and Spellcasting.
   Fortitude: Shields.
Talismans
 b - a beast talisman
 c - a flux talisman
Wands
 a - a wand of roots (3) (quivered)
   (You found it on level 7 of the Dungeon)
Scrolls
 f - a scroll of noise
 h - 2 scrolls of poison
 q - a scroll of torment
 r - 7 scrolls of identify
 s - 2 scrolls of amnesia
 u - a scroll of enchant armour
 v - 2 scrolls of revelation
 C - a scroll of enchant weapon
Potions
 i - 2 potions of mutation
 j - a potion of magic
 l - a potion of brilliance
 m - 3 potions of enlightenment
 n - a potion of curing
 o - 3 potions of attraction
 p - a potion of resistance
 z - a potion of ambrosia
 B - a potion of cancellation

Dungeon Overview and Level Annotations

Branches:
Dungeon (8/15) Zot: 26509  Temple (0/1) D:4
   Lair: D:8-11

Altars:
Ashenzari
Gozag
Hepliaklqana
Kikubaaqudgha
Okawaru
Ru
Vehumet
Wu Jian
Yredelemnul
The Shining One

Shops:
D:1 *   D:4 *

Annotations:
D:6 1 runed translucent door, Fractals's ghost, novice DsGl
D:8 exclusion: 2 yaks

...#..####.......####.........##.
####..# ###...#..####...........
# #..# ###.......####.####### #
#..# ###.......##.....### # #..#
####......##.....) # #..#
.###.....'...... # #..#
##..###...#...... ####..#
###O....###...#..## ......#
###.h#......###....## #####.#
###.#.##..#.....###.... ....#.#
###.#.#.##..###........##
#.#.#.###.#.#.#.##...#....###..#
#.#.#.#..........#C.....####...#
..#...###.#.#.#.##....####..#....
###.#.. #.#.#)##).####..###..##
......# ###[#.#)####..### #..#
....... ###.)###..### #..#


You could see a two-headed ogre.


Message History

Unknown command.
An orc is nearby!
An orc is nearby!
Unknown command. 😨 HP[+2]
You regained 2 hp, and now have 35/74 hp. 😨 HP[+1]
The orc shouts!
You tentacle-slap the orc. You grab the orc. You constrict the orc.
The orc barely misses you. 😨 HP[+1]
You barely miss the orc. You constrict the orc.
You kill the orc! 😮 HP[+1]
Items here: ( ) [ †. 😮 HP[+1]
Your attacks no longer feel as feeble.
Key pressed, stopping explore.
v - 2 scrolls of revelation (gained 1)
Items here: ( ) [ †.
A wight comes into view.
It is wielding a +2 short sword and wearing the ring of Ajih Urgh {*Slow rElec rPois rCorr MP-9}.
Items here: ))) [[ †. 😎 HP[+35]
Your hp is fully restored (74).
A wight is nearby!
Unknown command.
A wight is nearby!
A wight is nearby!
A wight is nearby!
Okay, then.
The wight hits you with a +2 short sword!
You feel drained.
Items here: $ )) [[ †. 😕 HP[-8]
You now have 72 max hp (-2).
You take 8 damage, and now have 66/72 hp.
You tentacle-slap the wight but do no damage.
You grab the wight. You squeeze the wight. You constrict the wight. 😕 HP[+1]
You tentacle-slap the wight but do no damage.
You squeeze the wight! You constrict the wight.
The wight completely misses you. 😕 HP[+1]
You tentacle-slap the wight but do no damage.
You tentacle-slap the wight, but do no damage.
You constrict the wight.
The wight hits you with a +2 short sword!
You feel drained. 😕 HP[-6]
You now have 70 max hp (-2).
You take 6 damage, and now have 62/70 hp.
You tentacle-slap the wight but do no damage.
You constrict the wight, but do no damage.
The wight closely misses you. 😕 HP[+1]
You tentacle-slap the wight but do no damage.
You tentacle-slap the wight.
You destroy the wight! 😕 HP[+1]
k - the ring of Ajih Urgh {*Slow rElec rPois rCorr MP-9}
Items here: ( ))) [[ †.
No target in view! 😕 HP[+2]
You regained 2 hp, and now have 66/70 hp.
Unknown command.
You now have 285 gold pieces (gained 12).
Items here: )) [[ †.
Items here: ))) [[ †.
Items here: ( ) [ †.
Key pressed, stopping explore.
A cyclops comes into view. 😎 HP[+4]
Your hp is fully restored (70).
A cyclops is nearby!
A cyclops is nearby!
A cyclops is nearby!
A cyclops is nearby!
A cyclops is nearby!
A two-headed ogre comes into view.
It is wielding a +0 giant club and a +0 giant spiked club.
The cyclops shouts!
The two-headed ogre hits you with a +0 giant club!!!
Ouch! That really hurt!
* * * LOW HITPOINT WARNING * * *
The two-headed ogre hits you with a +0 giant spiked club!!
* * * LOW HITPOINT WARNING * * *
😱 HP[-55]
You take 55 damage, and now have 15/70 hp.
MASSIVE DAMAGE!! (PAUSE)
Okay, then.
Okay, then.
Unknown command.
Unknown command.
Unknown command.
Unknown command. 😱 HP[+1] 😱 HP[+1]
Okay, then.
You feel better.
The two-headed ogre hits you with a +0 giant club!!
You die...

Skill      XL: |  1  2  3  4  5  6  7  8  9 10 |
---------------+-------------------------------+-----
Stealth        | 2 3 5 6 8 9 10 12 | 12.0
Fighting       | 3 5 7 8 |  8.6
Shapeshifting  | 4 5 7 8 |  8.2
Unarmed Combat | 4 |  4.6
Dodging        | |  2.0

Action                     |  1- 3 |  4- 6 |  7- 9 | 10-12 || total
---------------------------+-------+-------+-------+-------++-------
  Melee: Unarmed           |    62 |   104 |   192 |    77 ||   435
         Constrict         |    18 |    32 |    44 |    22 ||   116
         Tentacles         |     8 |    30 |    58 |    22 ||   118
         Punch             |       |     4 |    11 |     6 ||    21
 Invoke: Curse Item        |       |     2 |       |       ||     2
  Evoke: Wand              |       |       |    13 |     3 ||    16
    Use: Scroll            |     2 |     1 |     2 |     1 ||     6
         Potion            |     1 |     1 |     5 |     3 ||    10
   Stab: Sleeping          |     7 |    15 |    19 |     5 ||    46
         Distracted        |       |       |       |     1 ||     1
 Armour: Skin              |    27 |    51 |   149 |    42 ||   269
  Dodge: Dodged            |    41 |    45 |   142 |    47 ||   275

Levels and vault maps discovered:
D:1:      amcnicky_arrival_underground_garden, layout_basic,
          ebering_ecumenical_altar_ruins, serial_shops, shop, shop
D:2:      layout_basic, minmay_misc_feat_nine_boxes
D:3:      layout_loops_ring, mainiacjoe_overflow_tiny_flanked,
          pdpol_wu_jian_five_deadly_venoms, mainiacjoe_overflow_big_doors
D:4:      layout_basic, nicolae_overflow_two_pavilions,
          minmay_temple_entry_wispy, serial_shops,
          nicolae_shop_tiny_statue_garden, grunt_ministairs_11,
          nicolae_figureground_pulse, uniq_ijyb
D:5:      layout_cave_pools, lemuel_zombie_altar_kikubaaqudgha,
          fiery_altar_vehumet
D:6:      layout_basic, ebering_ghost_reflecting_pool, uniq_jeremiah,
          uniq_sigmund
D:7:      layout_gridville, tso_metal_star
D:8:      minmay_the_grid_triangle_9x9_rhombus_thin
          [minmay_the_grid_triangle_9x9_skeleton,
          minmay_the_grid_triangle_9x9_prize_special,
          minmay_the_grid_triangle_9x9_thin_v,
          minmay_the_grid_triangle_9x9_pentomino_pain], layout_basic,
          lemuel_doored_altar, chequers_temple_overflow_minitemple,
          serial_demonic, serial_demonic_g, serial_demonic_g, serial_demonic_a,
          serial_demonic_c, serial_demonic_f, serial_demonic_b,
          serial_demonic_f, uniq_psyche

Notes
Turn   | Place    | Note
-------+----------+-------------------------------------------
     0 | D:1      | ytrimaz the Octopode Shapeshifter began the quest for the
                  | Orb.
     0 | D:1      | Reached XP level 1. HP: 13/13 MP: 1/1
     0 | D:1      | magus.rc [v1.9.6]
    55 | D:1      | Reached skill level 1 in Stealth
    94 | D:1      | Reached skill level 2 in Stealth
   158 | D:1      | Reached XP level 2. HP: 17/18 MP: 2/2
   243 | D:1      | Reached skill level 3 in Stealth
   282 | D:1      | Found a faded altar of an unknown god.
   407 | D:1      | Reached XP level 3. HP: 23/23 MP: 3/3
   549 | D:1      | Found Mebrustryuni's Jewellery Boutique.
   691 | D:1      | Found Tojaocif's General Store.
   708 | D:1      | Bought a potion of curing for 39 gold pieces
   708 | D:1      | Bought a scroll of identify for 26 gold pieces
  1016 | D:2      | Reached skill level 4 in Stealth
  1042 | D:2      | You pick up a book of Callings and begin reading...
  1042 | D:2      | You add the spells Summon Small Mammal, Call Canine
                  | Familiar and Summon Guardian Golem to your library.
  1057 | D:2      | You add the spells Summon Forest, Eringya's Noxious Bog and
                  | Summon Hydra to your library.
  1114 | D:2      | HP: 2/23 [hobgoblin (5)]
  1122 | D:2      | Reached skill level 5 in Stealth
  1198 | D:2      | Reached XP level 4. HP: 28/28 MP: 4/4
  1303 | D:2      | You fall into a shaft and drop 2 floors!
  1486 | D:4      | Found an iron altar of Okawaru.
  1487 | D:4      | Found a hazy altar of Hepliaklqana.
  1516 | D:4      | Noticed a scorpion
  1528 | D:4      | Found Guosen's General Store.
  1536 | D:4      | Bought a potion of attraction for 42 gold pieces
  1584 | D:4      | Killed a scorpion
  1585 | D:4      | Reached skill level 6 in Stealth
  1585 | D:4      | Reached XP level 5. HP: 25/33 MP: 5/5
  1643 | D:4      | Reached skill level 7 in Stealth
  2002 | D:3      | Found an opulent altar of Gozag.
  2045 | D:3      | Found a broken altar of Ashenzari.
  2052 | D:3      | Found an ornate altar of the Wu Jian Council.
  2065 | D:3      | Became a worshipper of Ashenzari the Shackled
  2104 | D:2      | Reached skill level 8 in Stealth
  2123 | D:2      | Reached XP level 6. HP: 38/38 MP: 6/6
  2668 | D:3      | Found a basalt altar of Yredelemnul.
  2691 | D:3      | Reached skill level 9 in Stealth
  2999 | D:3      | Noticed a spectral centipede
  2999 | D:3      | Noticed a spectral black mamba
  2999 | D:3      | Noticed a spectral cane toad
  3093 | D:4      | Found a staircase to the Ecumenical Temple.
  3332 | D:4      | Noticed Ijyb
  3343 | D:4      | Killed Ijyb
  3691 | D:4      | Reached * piety under Ashenzari
  3695 | D:5      | Entered Level 5 of the Dungeon
  3855 | D:5      | Reached XP level 7. HP: 45/45 MP: 7/7
  3876 | D:5      | Reached skill level 2 in Fighting
  3963 | D:5      | Reached skill level 10 in Stealth
  3981 | D:5      | Found a radiant altar of Vehumet.
  4070 | D:5      | Reached skill level 3 in Fighting
  4181 | D:5      | Reached skill level 4 in Shapeshifting
  4181 | D:5      | Reached XP level 8. HP: 51/54 MP: 8/8
  4482 | D:5      | Found an ancient bone altar of Kikubaaqudgha.
  4518 | D:6      | Reached skill level 4 in Fighting
  4518 | D:6      | Reached skill level 11 in Stealth
  4542 | D:6      | Noticed a wyvern
  4552 | D:6      | HP: 12/54 [wyvern (5)]
  4554 | D:6      | Killed a wyvern
  4713 | D:6      | Noticed Sigmund
  4723 | D:6      | Killed Sigmund
  4724 | D:6      | Reached skill level 5 in Shapeshifting
  4733 | D:6      | HP: 7/57 [white imp/puff of frost (9)]
  4740 | D:6      | HP: 6/85 [orc priest/divine providence (15)]
  4745 | D:6      | Reached skill level 5 in Fighting
  4899 | D:6      | Reached skill level 12 in Stealth
  4899 | D:6      | Reached XP level 9. HP: 45/62 MP: 9/9
  4941 | D:6      | Found a runed translucent door.
  4941 | D:6      | Noticed Fractals's ghost (novice DsGl)
  5107 | D:6      | Noticed Jeremiah
  5115 | D:6      | Killed Jeremiah
  5116 | D:6      | Reached skill level 6 in Fighting
  5116 | D:6      | Reached skill level 6 in Shapeshifting
  5173 | D:6      | HP: 13/63 [water moccasin (6)]
  5178 | D:6      | HP: 13/63 [centaur (5)]
  5694 | D:7      | You pick up a book of Lightning and begin reading...
  5694 | D:7      | You add the spells Vhi's Electric Charge, Arcjolt and
                  | Plasma Beam to your library.
  5783 | D:7      | Reached skill level 7 in Fighting
  5796 | D:7      | Reached skill level 7 in Shapeshifting
  5918 | D:7      | Found a glowing golden altar of the Shining One.
  5934 | D:7      | HP: 16/65 [wight/+0 mace (1)]
  5961 | D:7      | Reached XP level 10. HP: 48/73 MP: 10/10
  6077 | D:7      | Reached skill level 8 in Fighting
  6265 | D:7      | Paralysed by a hornet for 2 turns
  6513 | D:8      | Found a sacrificial altar of Ru.
  6580 | D:8      | Noticed Psyche
  6601 | D:8      | Reached skill level 4 in Unarmed Combat
  6605 | D:8      | Reached skill level 8 in Shapeshifting
  6688 | D:8      | Identified the +7 glaive of Nolo Contendere {spect, rF+
                  | Will+}
  6755 | D:8      | Killed Psyche
  6874 | D:8      | HP: 18/74 [kobold brigand/+0 dagger (8)]
  6928 | D:8      | Identified the ring of Ajih Urgh {*Slow rElec rPois rCorr
                  | MP-9}
  6958 | D:8      | Noticed a cyclops
  6959 | D:8      | Noticed a two-headed ogre
  6960 | D:8      | HP: 15/70 [two-headed ogre/+0 giant club (19)]
  6963 | D:8      | Slain by a two-headed ogre

Vanquished Creatures
  Jeremiah (D:6)
  Psyche (D:8)
  A hornet (D:7)
  Sigmund (D:6)
  A wyvern (D:6)
  3 water moccasins
  5 black bears
  3 ice beasts
  An ogre (D:7)
  2 centaurs
  2 phantoms (D:6)
  A kobold brigand (D:8)
  6 bullfrogs
  A gnoll sergeant (D:5)
  5 scorpions
  12 wights
  A hound (D:5)
  A quasit (D:8)
  2 gnoll boudas
  3 jellies
  4 orc priests
  3 iguanas
  3 sleepcaps
  Ijyb (D:4)
  An orc wizard (D:8)
  9 gnolls (D:5)
  9 adders
  2 shadow imps (D:8)
  A white imp (D:6)
  4 ufetubi
  2 worms
  22 orcs
  10 endoplasms
  3 giant cockroaches
  10 goblins
  7 hobgoblins
  10 jackals (D:2)
  A quokka (D:4)
  6 ball pythons
  7 bats
  2 frilled lizards
  4 kobolds
  3 rats
  2 rat zombies (D:5)
179 creatures vanquished.

Table legend:
 A = Non-vault XP
 B = Vault XP
 C = Vault XP percentage of total XP
 D = Non-vault monster count
 E = Vault monster count
 F = Vault count percentage of total count
                 A         B        C        D         E       F
            +---------+---------+-------+---------+---------+-------
      Total |    5276 |    1509 |  22.2 |     158 |      21 |  11.7
            +---------+---------+-------+---------+---------+-------
        D:1 |      38 |       0 |   0.0 |      23 |       0 |   0.0
        D:2 |      82 |       0 |   0.0 |      24 |       0 |   0.0
        D:3 |     160 |       0 |   0.0 |      21 |       0 |   0.0
        D:4 |     226 |      50 |  18.1 |      11 |       3 |  21.4
        D:5 |     893 |       2 |   0.2 |      21 |       2 |   8.7
        D:6 |    1738 |     603 |  25.8 |      28 |       2 |   6.7
        D:7 |    1780 |       0 |   0.0 |      25 |       0 |   0.0
        D:8 |     359 |     854 |  70.4 |       5 |      14 |  73.7
            +---------+---------+-------+---------+---------+-------

Skill      XL: |  1  2  3  4  5  6  7  8  9 10 |
---------------+-------------------------------+-----
Stealth        | 2 3 5 6 8 9 10 12 | 12.0
Fighting       | 3 5 7 8 |  8.6
Shapeshifting  | 4 5 7 8 |  8.2
Unarmed Combat | 4 |  4.6
Dodging        | |  2.0

Action                     |  1- 3 |  4- 6 |  7- 9 | 10-12 || total
---------------------------+-------+-------+-------+-------++-------
  Melee: Unarmed           |    62 |   104 |   192 |    77 ||   435
         Constrict         |    18 |    32 |    44 |    22 ||   116
         Tentacles         |     8 |    30 |    58 |    22 ||   118
         Punch             |       |     4 |    11 |     6 ||    21
 Invoke: Curse Item        |       |     2 |       |       ||     2
  Evoke: Wand              |       |       |    13 |     3 ||    16
    Use: Scroll            |     2 |     1 |     2 |     1 ||     6
         Potion            |     1 |     1 |     5 |     3 ||    10
   Stab: Sleeping          |     7 |    15 |    19 |     5 ||    46
         Distracted        |       |       |       |     1 ||     1
 Armour: Skin              |    27 |    51 |   149 |    42 ||   269
  Dodge: Dodged            |    41 |    45 |   142 |    47 ||   275

Illustrated notes

Table legend:
 A = Kills in this place as a percentage of kills in the entire game.
 B = Kills by you in this place as a percentage of kills by you in the entire game.
 C = Kills by friends in this place as a percentage of kills by friends in the entire game.
 D = Other kills in this place as a percentage of other kills in the entire game.
 E = Experience gained in this place as a percentage of experience gained in the entire game.
 F = Experience gained in this place divided by the number of levels of this place that you have seen.
                   A       B       C       D       E      F
               +-------+-------+-------+-------+-------+----------------------
         Total | 100.0 | 100.0 |   N/A |   N/A | 100.0 | 848.1
       Dungeon | 100.0 | 100.0 |   N/A |   N/A | 100.0 | 848.1
               +-------+-------+-------+-------+-------+----------------------

Table legend: (Time is in decaauts)
 A = Elapsed time spent in this place.
 B = Non-inter-level travel time spent in this place.
 C = Inter-level travel time spent in this place.
 D = Time resting spent in this place.
 E = Time spent auto-exploring this place.
 F = Levels seen in this place.
 G = Mean time per level.
                   A        B        C        D        E       F      G
               +--------+--------+--------+--------+--------+-----+--------+
         Total |   6920 |   6668 |    252 |     54 |   5070 |   8 |  865.0 |
       Dungeon |   6920 |   6668 |    252 |     54 |   5070 |   8 |  865.0 |
               +--------+--------+--------+--------+--------+-----+--------+

Top non-repeatable levels by time:
     D:6: 1218 daAuts
     D:4: 1097 daAuts
     D:1: 997 daAuts
     D:3: 899 daAuts
     D:2: 761 daAuts
     D:5: 738 daAuts
     D:7: 719 daAuts
     D:8: 489 daAuts
